 Dungeon Crawl Stone Soup version 0.31-a0-108-gdf935468f2 (webtiles) character file.

Game seed: 12473717919427961679

5709 senseless the Blocker (level 10, -8/83 HPs)
             Began as a Minotaur Fighter on May 27, 2023.
             Was a Priest of Hepliaklqana.
             Splashed by a brown ugly thing's acid (12 damage)
             ... on level 8 of the Dungeon.
             The game lasted 00:17:27 (7465 turns).

senseless the Blocker (Minotaur Fighter)            Turns: 7465, Time: 00:17:29

Health: -8/83      AC:  0    Str: 23    XL:     10   Next: 48%
Magic:  9/9        EV:  8    Int:  4    God:    Hepliaklqana [***...]
Gold:   550        SH: 10    Dex: 15    Spells: 9/9 levels left

rFire   . . .        a - +1 war axe (flame)
rCold   . . .        k - +3 buckler
rNeg    + . .        m - +0 chain mail
rPois   +            (helmet restricted)
rElec   .            l - +2 cloak
rCorr   .            (no gloves)
SInv    +            r - +0 pair of boots {rampage}
Will    .....        (no amulet) Stlth
                     E - ring "Bykocat" {rPois rN+ SInv}
HPRegen 0.33/turn    x - +4 ring of slaying
MPRegen 0.11/turn

%: rampage
@: mighty, about to teleport, corroded, hasted, very quick
A: reduced essence, horns 2, retaliatory headbutt, talons 1, agile 1, poison
resistance
a: Renounce Religion, Recall Ancestor, Ancestor Identity, Transference


You were on level 8 of the Dungeon.
You worshipped Hepliaklqana.
Hepliaklqana was most pleased with you.
You visited 1 branch of the dungeon, and saw 8 of its levels.
You also visited: Sewer and Ossuary.

You collected 550 gold pieces.

Inventory:

Hand Weapons
 a - a +1 war axe of flaming (weapon)
 s - a +4 falchion
Armour
 k - a +3 buckler (worn)
 l - a +2 cloak (worn)
 m - a +0 chain mail (worn)
 r - a +0 pair of boots of rampaging (worn)
Jewellery
 c - a +6 ring of dexterity
 x - a +4 ring of slaying (right hand)
 E - the ring "Bykocat" (left hand) {rPois rN+ SInv}
   (You found it on level 8 of the Dungeon)

   [ring of positive energy]

   rPois:     It protects you from poison.
   rN:        It protects you from negative energy.
   SInv:      It lets you see invisible.
Wands
 b - a wand of flame (18)
 D - a wand of mindburst (14)
Scrolls
 f - 5 scrolls of fog
 h - 5 scrolls of immolation
 p - 2 scrolls of amnesia
 w - a scroll of blinking
 y - 3 scrolls of teleportation
 z - a scroll of poison
 A - 2 scrolls of identify
 C - a scroll of brand weapon
Potions
 e - 7 potions of curing
 g - 3 potions of haste
 i - 3 potions of lignification
 j - 5 potions of heal wounds
 n - a potion of brilliance
 o - 7 potions of enlightenment
 q - a potion of resistance
 t - 2 potions of invisibility
 u - 4 potions of mutation
 v - 2 potions of attraction
 B - a potion of magic


   Skills:
 + Level 10.2 Fighting
 + Level 9.7 Axes
 + Level 10.2 Armour
 + Level 10.2 Shields


You had 9 spell levels left.
You didn't know any spells.
Your spell library contained the following spells:

 Spells                   Type           Power      Damage    Failure   Level
 Kiss of Death            Conj/Necr      0%         2d5       96%         1
 Ensorcelled Hibernation  Hex/Ice        0%         N/A       99%         2
 Passwall                 Tmut/Erth      0%         N/A       99%         2
 Confusing Touch          Hex            0%         N/A       100%        3
 Dazzling Flash           Conj/Hex       0%         N/A       100%        3
 Ozocubu's Armour         Ice            0%         N/A       100%        3
 Swiftness                Air            0%         N/A       100%        3
 Volatile Blastmotes      Fire/Tloc      0%         2d10      100%        3
 Dispel Undead            Necr           0%         3d6       100%        4
 Iskenderun's Mystic Bla  Conj/Tloc      0%         2d3       100%        4
 Starburst                Conj/Fire      0%         6d3       100%        6
 Ozocubu's Refrigeration  Ice            0%         4d7       100%        7


Dungeon Overview and Level Annotations

Branches:
Dungeon (8/15)             Temple (0/1) D:5           Sewer (visited)
Ossuary (visited)
   Lair: D:8-11

Altars:
Elyvilon
Hepliaklqana
Okawaru
Sif Muna

Annotations:
D:8 1 runed translucent door, KimchiStew's ghost, novice HuWr


Innate Abilities, Weirdness & Mutations

Your life essence is reduced to manifest your ancestor. (-10% HP)
You have a pair of horns on your head.
You reflexively headbutt those who attack you in melee.
You have sharp toenails.
You are agile. (Dex +4, Str/Int -1)
Your system is resistant to poisons. (rPois)


Message History

You are splashed with acid!
You block the howler monkey's attack.
You feel much better. You block the tengu warrior's attack.
The tengu warrior pecks you.
The tengu warrior claws you but does no damage.
The brown ugly thing trunk-slaps you. The acid corrodes you!
You are splashed with acid.
The howler monkey barely misses you.
You hit the tengu warrior. You burn the tengu warrior.
The tengu warrior is lightly wounded.
You hit the howler monkey. You burn the howler monkey.
You slash the brown ugly thing! You burn the brown ugly thing.
You block the tengu warrior's attack.
The tengu warrior pecks you but does no damage.
You block the tengu warrior's attack.
The brown ugly thing trunk-slaps you but does no damage.
You slice the tengu warrior!! You burn the tengu warrior.
The tengu warrior blocks your attack.
The tengu warrior is heavily wounded.
You slash the howler monkey! You burn the howler monkey.
You hit the brown ugly thing. You burn the brown ugly thing.
You block the howler monkey's attack.
Unknown command.
The tengu warrior blocks your attack.
The tengu warrior is heavily wounded.
You slash the brown ugly thing! You burn the brown ugly thing.
You hit the howler monkey. You burn the howler monkey.
You kill the howler monkey!
The tengu warrior hits you with a +3 war axe!
The tengu warrior pecks you. The tengu warrior claws you.
The brown ugly thing trunk-slaps you!
* * * LOW HITPOINT WARNING * * *
The acid corrodes you!
You are splashed with acid.
* * * LOW HITPOINT WARNING * * *
As you read the scroll of teleportation, it crumbles to dust.
You feel strangely unstable. The tengu warrior barely misses you.
You furiously retaliate!
You headbutt the tengu warrior! The tengu warrior barely misses you.
You block the tengu warrior's attack. The brown ugly thing trunk-slaps you!
* * * LOW HITPOINT WARNING * * *
The acid corrodes you!
You are splashed with acid!
You die...

..#.PPP.♣♣♣.♣♣♣...♣♣...♣♣.#.#.#..
..#.....# ♣.♣ #...#♣♣.♣♣#.#.#.#..
..#♣...♣##### ##'## ### #.#.#.#..
#.#♣♣.♣♣ ♣...♣♣).)♣♣. #.#.#.#..
..# ♣.♣ ♣..♣♣♣..♣ #.#R#.#.. (.#
♣.♣ ♣!.♣ ..♣ #♣...♣#.. ..# ♣.♣
♣..♣♣♣..♣ ♣♣.♣♣#.. ..#####
♣...♣♣.R)♣♣. #####.# ....... ####
##@## ## ##.##..# ....##


#RuQo5# #....)## .....#. #...hc....# ###..## )...... .......Y..?!... ####
......# ♣♣#.........#♣♣ ......# ###.....### ......# ####### #..#..# ##.#... You
could see the friendly Quintus the hexer, a brown ugly thing, a tengu warrior
(fast, slow, ally target), an efreet, an ice beast, a centaur, a howler monkey,
an orc wizard (invisible) and a white imp.

Vanquished Creatures
  A centaur warrior (D:8)
  A tengu warrior (D:8)
  Prince Ribbit (D:5)
  A hornet (D:8)
  Sigmund (D:4)
  A wraith (Ossuary)
  A wyvern (D:8)
  Eustachio (D:5)
  A vampire mosquito (D:8)
  Edmund (D:5)
  3 water moccasins
  2 orc warriors
  A black bear (D:4)
  An ogre (D:7)
  2 kobold brigands
  A bullfrog (D:7)
  A gnoll sergeant (D:8)
  2 scorpions (D:6)
  4 wights
  8 killer bees (D:7)
  5 howler monkeys
  2 hounds
  2 gnoll boudas
  5 orc priests
  4 sleepcaps
  2 iguanas
  6 orc wizards
  8 gnolls
  12 adders
  5 river rats
  2 shadow imps
  A white imp (D:7)
  An ufetubus (D:5)
  2 adder zombies (Ossuary)
  8 worms
  5 dart slugs
  17 orcs
  8 bats
  7 endoplasms
  2 giant cockroaches
  7 goblins
  6 hobgoblins
  3 jackals
  15 kobolds
  2 quokkas
  9 ball pythons
  2 ball python skeletons (Ossuary)
  4 frilled lizards
  2 hobgoblin skeletons (Ossuary)
  A hobgoblin zombie (Ossuary)
  2 kobold zombies (Ossuary)
  3 rats
195 creatures vanquished.

Vanquished Creatures (collateral kills)
  A yak (D:8)
  A wraith (Ossuary)
  A centaur (D:8)
  A scorpion (D:6)
  2 wights (D:6)
  A hound (D:4)
  An orc priest (D:6)
  An adder (Sewer)
  A river rat (Sewer)
  A dart slug (D:4)
  An orc (D:4)
  An endoplasm (Sewer)
  A goblin (D:4)
  A quokka (Sewer)
15 creatures vanquished.

Grand Total: 210 creatures vanquished

Notes
Turn   | Place    | Note
-------+----------+-------------------------------------------
     0 | D:1      | senseless the Minotaur Fighter began the quest for the Orb.
     0 | D:1      | Reached XP level 1. HP: 19/19 MP: 0/0
   305 | D:1      | Reached XP level 2. HP: 27/27 MP: 1/1
  1037 | D:2      | Reached XP level 3. HP: 33/33 MP: 2/2
  1366 | D:2      | Reached XP level 4. HP: 38/40 MP: 3/3
  1538 | D:2      | Found a hazy altar of Hepliaklqana.
  1821 | D:2      | Became a worshipper of Hepliaklqana the Forgotten
  2156 | D:3      | Found an iron altar of Okawaru.
  2175 | D:3      | Found a white marble altar of Elyvilon.
  2183 | D:3      | Noticed a water moccasin
  2191 | D:3      | Reached XP level 5. HP: 40/47 MP: 4/4
  2199 | D:3      | Killed a water moccasin
  2200 | D:3      | Reached skill level 5 in Fighting
  2200 | D:3      | Reached skill level 5 in Armour
  2200 | D:3      | Reached skill level 5 in Shields
  2207 | D:3      | HP: 2/48 [poisoned by a water moccasin]
  2763 | D:3      | Gained mutation: You are agile. (Dex +4, Str/Int -1)
                  | [potion of mutation]
  2763 | D:3      | Gained mutation: You are frail. (-10% HP) [potion of
                  | mutation]
  2763 | D:3      | Gained mutation: Your spells are a little harder to cast,
                  | but a little more powerful. [potion of mutation]
  2861 | D:3      | Reached * piety under Hepliaklqana
  3012 | D:4      | Reached XP level 6. HP: 44/44 MP: 5/5
  3149 | D:4      | Found a sand-covered staircase.
  3191 | Ossuary  | Entered an ossuary
  3335 | Ossuary  | Noticed a wraith
  3335 | Ossuary  | Noticed a flying skull
  3348 | Ossuary  | Noticed a flying skull
  3361 | Ossuary  | Noticed a flying skull
  3368 | Ossuary  | Noticed a flying skull
  3378 | Ossuary  | Noticed a wraith
  3387 | Ossuary  | Killed a wraith
  3388 | Ossuary  | Reached skill level 5 in Axes
  3388 | Ossuary  | Reached XP level 7. HP: 44/49 MP: 6/6
  3418 | Ossuary  | Noticed a wraith
  3423 | Ossuary  | Killed a wraith
  3761 | D:4      | Noticed Sigmund
  3767 | D:4      | Killed Sigmund
  3768 | D:4      | Reached XP level 8. HP: 49/56 MP: 7/7
  4120 | D:5      | Entered Level 5 of the Dungeon
  4161 | D:5      | Noticed Prince Ribbit
  4170 | D:5      | Killed Prince Ribbit
  4455 | D:5      | Lost mutation: Your spells are a little harder to cast, but
                  | a little more powerful. [potion of mutation]
  4455 | D:5      | Lost mutation: You are frail. (-10% HP) [potion of
                  | mutation]
  4455 | D:5      | Gained mutation: You have sharp toenails. [potion of
                  | mutation]
  4455 | D:5      | Gained mutation: Your system is resistant to poisons.
                  | (rPois) [potion of mutation]
  4484 | D:5      | Found a shimmering blue altar of Sif Muna.
  4553 | D:5      | Noticed Eustachio
  4564 | D:5      | Killed Eustachio
  4620 | D:5      | Noticed Edmund
  4635 | D:5      | Killed Edmund
  4845 | D:5      | Found a staircase to the Ecumenical Temple.
  5231 | D:6      | Found a glowing drain.
  5232 | D:6      | Reached ** piety under Hepliaklqana
  5242 | D:6      | Remembered your ancestor Quintus as a hexer
  5244 | Sewer    | Entered a sewer
  5387 | Sewer    | Reached XP level 9. HP: 72/72 MP: 8/8
  6903 | D:8      | Reached *** piety under Hepliaklqana
  7117 | D:8      | Found a runed translucent door.
  7117 | D:8      | Noticed KimchiStew's ghost (novice HuWr)
  7128 | D:8      | Reached XP level 10. HP: 75/81 MP: 9/9
  7213 | D:8      | Noticed a centaur warrior
  7218 | D:8      | Killed a centaur warrior
  7232 | D:8      | Identified the ring "Bykocat" {rPois rN+ SInv}
  7451 | D:8      | Noticed a tengu warrior
  7451 | D:8      | Noticed a brown ugly thing
  7453 | D:8      | Noticed a tengu warrior
  7458 | D:8      | Killed a tengu warrior
  7459 | D:8      | Reached skill level 10 in Fighting
  7459 | D:8      | Reached skill level 10 in Armour
  7459 | D:8      | Reached skill level 10 in Shields
  7465 | D:8      | HP: 4/83 [brown ugly thing (13)]
  7465 | D:8      | Splashed by a brown ugly thing's acid

Illustrated notes

Levels and vault maps discovered:
D:1:      ebering_hopf_link, layout_basic, roderic_lattice_a, minmay_3d_cube
D:2:      layout_basic, basic_altar
D:3:      layout_loops_corners, mainiacjoe_overflow_catch_the_wave,
          chequers_serial_rivers_room_a, kennysheep_generic_room_2
D:4:      layout_basic, nicolae_ossuary_entry_ruins, uniq_sigmund
D:5:      layout_basic, lemuel_blue_sif_altar, minmay_temple_entry_hall,
          uniq_prince_ribbit1, uniq_edmund, uniq_eustachio
D:6:      nicolae_cairo_tiling_very_big, layout_basic,
          cheibrodos_sewer_entry_sluice
D:7:      layout_cave_pools
D:8:      nzn_winding_woodlands_stair_cross
          [nzn_winding_woodlands_5x15_longhouse,
          nzn_winding_woodlands_center_garden,
          nzn_winding_woodlands_5x15_zeroes, nzn_winding_woodlands_5x5_default,
          nzn_winding_woodlands_5x5_cross,
          nzn_winding_woodlands_5x15_lazy_stream,
          nzn_winding_woodlands_center_diamonds,
          nzn_winding_woodlands_5x15_garden], layout_cave_pools,
          hellmonk_ghost_happy_afterlife, minivault_25

Skill      XL: |  1  2  3  4  5  6  7  8  9 10 |
---------------+-------------------------------+-----
Fighting       | 4 5 6 7 9 10 | 10.2
Armour         | 4 5 6 7 9 10 | 10.2
Shields        | 4 5 6 7 9 10 | 10.2
Axes           | 3 4 5 6 7 8 9 |  9.7

Action                     |  1- 3 |  4- 6 |  7- 9 | 10-12 || total
---------------------------+-------+-------+-------+-------++-------
  Melee: War axe           |    69 |   117 |   199 |    30 ||   415
         Headbutt          |    10 |    18 |    32 |     7 ||    67
 Invoke: Ancestor Identity |       |     1 |       |       ||     1
         Recall Ancestor   |       |     1 |       |       ||     1
         Ancestor Life: He |       |       |     1 |       ||     1
    Use: Scroll            |     6 |     7 |    12 |     1 ||    26
         Potion            |       |     2 |     1 |     3 ||     6
   Stab: Distracted        |       |     1 |     3 |       ||     4
         Confused          |       |       |     6 |       ||     6
 Armour: Scale mail        |    30 |     3 |       |       ||    33
         Chain mail        |       |    59 |    76 |    25 ||   160
  Dodge: Dodged            |    22 |    39 |    47 |    17 ||   125
  Block: Buckler           |    12 |    33 |    92 |    25 ||   162

Table legend: (Time is in decaauts)
 A = Elapsed time spent in this place.
 B = Non-inter-level travel time spent in this place.
 C = Inter-level travel time spent in this place.
 D = Time resting spent in this place.
 E = Time spent auto-exploring this place.
 F = Levels seen in this place.
 G = Mean time per level.
                   A        B        C        D        E       F      G
               +--------+--------+--------+--------+--------+-----+--------+
         Total |   7739 |   7386 |    353 |    143 |   5953 |  10 |  773.9 |
       Dungeon |   6755 |   6402 |    353 |    143 |   5184 |   8 |  844.4 |
         Sewer |    635 |    635 |      0 |      0 |    529 |   1 |  635.0 |
       Ossuary |    347 |    347 |      0 |      0 |    240 |   1 |  347.0 |
               +--------+--------+--------+--------+--------+-----+--------+

Top non-repeatable levels by time:
     D:3: 1097 daAuts
     D:2: 990 daAuts
     D:5: 975 daAuts
     D:1: 969 daAuts
     D:4: 788 daAuts
     D:6: 786 daAuts
   Sewer: 635 daAuts
     D:8: 600 daAuts
     D:7: 546 daAuts
 Ossuary: 347 daAuts
